 Dungeon Crawl Stone Soup version 0.27.0-1-g7a089689b8 (console) character file.

Game seed: 13558877696173850427

259 jejorda2 the Ruffian (level 6, 0/50 HPs)
             Began as a Ghoul Summoner on Aug 2, 2021.
             Was a Believer of Yredelemnul.
             Slain by a kobold brigand (2 damage)
             ... in a sewer.
             The game lasted 00:09:13 (3502 turns).

jejorda2 the Ruffian (Ghoul Summoner)               Turns: 3502, Time: 00:09:14

Health: 0/50       AC:  3    Str: 14    XL:     6   Next: 17%
Magic:  7/7        EV: 10    Int: 10    God:    Yredelemnul [**....]
Gold:   89         SH:  4    Dex:  9    Spells: 8/8 levels left

rFire    . . .     SeeInvis .     - Unarmed
rCold    + . .     Faith    .   e - +2 buckler
rNeg     + + +     Spirit   .   d - +0 leather armour
rPois    ∞         Reflect  .   (no helmet)
rElec    .         Harm     .   (no cloak)
rCorr    .         Rampage  .   (no gloves)
Will     .....                  (no boots)
Stlth    +.........             (no amulet)
HPRegen  0.00/turn              (no ring)
MPRegen  0.10/turn              (no ring)

@: inhibited regen
A: claws 1, cold resistance 1, negative energy resistance 3, inhibited
regeneration, torment resistance 2
a: Renounce Religion, Animate Remains, Recall Undead Slaves, Injury Mirror


You were in a sewer.
You worshipped Yredelemnul.
Yredelemnul was pleased with you.
You visited 1 branch of the dungeon, and saw 3 of its levels.
You also visited: Sewer.

You collected 89 gold pieces.

Inventory:

Missiles
 c - 101 stones (quivered)
Armour
 d - a +0 leather armour (worn)
 e - a +2 buckler (worn)
Wands
 i - a wand of iceblast (12)
Potions
 f - a potion of curing {unknown}


   Skills:
 + Level 2.9 Fighting
 + Level 2.3 Armour
 - Level 1.7 Dodging
 - Level 2.1 Stealth
 * Level 4.4 Unarmed Combat
 - Level 1.7 Spellcasting
 - Level 3.6 Summonings


You had 8 spell levels left.
You didn't know any spells.
Your spell library contained the following spells:

 Spells                   Type           Power      Damage    Failure   Level
 Summon Small Mammal      Summ           32%        N/A       16%         1
 Call Imp                 Summ           8%         N/A       22%         2
 Call Canine Familiar     Summ           8%         N/A       41%         3
 Sandblast                Erth           0%         2d4       54%         1
 Summon Guardian Golem    Hex/Summ       4%         N/A       67%         3
 Passwall                 Tmut/Erth      0%         N/A       69%         2
 Summon Lightning Spire   Summ/Air       4%         N/A       97%         4
 Lee's Rapid Deconstruct  Erth           0%         3d5*      100%        5


Dungeon Overview and Level Annotations

Branches:
Dungeon (3/15)              Sewer (1/1)

Altars:
Xom
Yredelemnul


Innate Abilities, Weirdness & Mutations

You thrive by killing the living.
You are immune to poison.
You have sharp fingernails.
Your flesh is cold resistant. (rC+)
You are immune to negative energy. (rN+++)
You do not regenerate when monsters are visible.
You are immune to unholy pain and torment.


Message History

The kobold brigand is almost dead.
The kobold brigand barely misses you. The kobold barely misses you.
Your river rat zombie barely misses the kobold brigand.
You closely miss the kobold brigand.
The kobold brigand is almost dead.
The kobold brigand barely misses you. You block the kobold's attack.
Your river rat zombie bites the kobold brigand.
You closely miss the kobold brigand.
The kobold brigand is almost dead.
You block the kobold brigand's attack. The kobold hits you with a +0 club.
You scratch the kobold brigand but do no damage.
The kobold brigand is almost dead.
Your river rat zombie barely misses the kobold brigand.
The kobold brigand hits you with a +0 whip!
* * * LOW HITPOINT WARNING * * *
You block the kobold's attack.
You completely miss the kobold brigand.
The kobold brigand is almost dead.
The kobold brigand hits you with a +0 whip.
* * * LOW HITPOINT WARNING * * *
The kobold hits you with a +0 club.
* * * LOW HITPOINT WARNING * * *
Your river rat zombie closely misses the kobold brigand.
You closely miss the kobold brigand.
The kobold brigand is almost dead.
The kobold barely misses you. The kobold brigand closely misses you.
Your river rat zombie closely misses the kobold brigand.
You scratch the kobold brigand but do no damage.
The kobold brigand is almost dead.
The kobold brigand hits you with a +0 whip!
* * * LOW HITPOINT WARNING * * *
The kobold hits you with a +0 club.
* * * LOW HITPOINT WARNING * * *
Your river rat zombie barely misses the kobold brigand.
You scratch the kobold brigand but do no damage.
The kobold brigand is almost dead.
The kobold barely misses you.
The kobold brigand hits you with a +0 whip.
You die...
Yredelemnul claims you as an undead slave.

≈≈≈≈≈≈≈≈≈≈
≈≈≈≈≈≈≈≈≈≈≈≈≈≈≈#≈
≈≈≈≈≈≈≈≈≈≈≈≈≈≈≈≈
≈≈≈≈≈≈≈≈≈≈≈≈≈≈≈#
≈≈≈≈≈≈≈≈≈≈≈≈≈≈≈#### ##≈≈
..≈≈≈≈≈≈≈≈≈≈≈≈≈#..#.?#≈≈
......≈≈≈≈≈≈≈≈≈#@....#≈≈
...............ZKK..##≈≈
...............#.....#≈≈
...............#..#.!#≈≈
##......###..#########≈≈
####...## #### ≈ # #####
#


You could see a kobold brigand (ally target), a kobold and a friendly river rat
zombie.

Vanquished Creatures
  Natasha (twice) (D:2)
  2 adders (D:2)
  2 river rats (Sewer)
  2 dart slugs
  7 ball pythons
  4 bats
  2 endoplasms
  A giant cockroach (D:2)
  4 goblins
  A hobgoblin (D:2)
  3 quokkas
  4 kobolds
  4 rats
38 creatures vanquished.

Vanquished Creatures (collateral kills)
  Sigmund (D:2)
  Natasha (D:2)
  A dart slug (D:2)
  2 ball pythons (D:1)
  2 bats
  An endoplasm (D:2)
  A goblin (D:1)
  2 kobolds (D:1)
  A ball python zombie (D:2)
  A frilled lizard (D:2)
13 creatures vanquished.

Vanquished Creatures (others)
  A kobold zombie (D:2)
  A quokka zombie (D:2)
  A rat zombie (Sewer)
  A plant (D:1)
4 creatures vanquished.

Grand Total: 55 creatures vanquished

Notes
Turn   | Place    | Note
-------+----------+-------------------------------------------
     0 | D:1      | jejorda2 the Ghoul Summoner began the quest for the Orb.
     0 | D:1      | Reached XP level 1. HP: 14/14 MP: 2/2
   346 | D:1      | Reached skill level 1 in Unarmed Combat
   382 | D:1      | Reached XP level 2. HP: 22/22 MP: 3/3
   787 | D:1      | Found a faded altar of an unknown god.
   794 | D:1      | Became a worshipper of Yredelemnul the Dark
   794 | D:1      | Reached * piety under Yredelemnul
  1039 | D:1      | Reached skill level 1 in Fighting
  1212 | D:2      | Noticed Natasha
  1221 | D:2      | Killed Natasha
  1222 | D:2      | Reached skill level 1 in Armour
  1222 | D:2      | Reached skill level 2 in Unarmed Combat
  1222 | D:2      | Reached XP level 3. HP: 11/28 MP: 4/4
  1468 | D:2      | Noticed Sigmund
  1482 | D:2      | HP: 1/28 [Sigmund (8)]
  1853 | D:2      | Reached XP level 4. HP: 27/35 MP: 5/5
  2056 | D:2      | Noticed Natasha
  2066 | D:2      | Killed Natasha
  2067 | D:2      | Reached skill level 3 in Unarmed Combat
  2366 | D:2      | Killed Sigmund
  2367 | D:2      | Reached skill level 4 in Unarmed Combat
  2367 | D:2      | Reached XP level 5. HP: 18/42 MP: 6/6
  2565 | D:2      | Noticed Natasha
  2576 | D:2      | Killed Natasha
  2773 | D:2      | Reached XP level 6. HP: 42/50 MP: 7/7
  2779 | D:2      | Reached ** piety under Yredelemnul
  2822 | D:2      | Found a shimmering altar of Xom.
  3180 | D:3      | Found a glowing drain.
  3184 | Sewer    | Entered a sewer
  3501 | Sewer    | HP: 2/50 [kobold (2)]
  3502 | Sewer    | Slain by a kobold brigand

Illustrated notes

Levels and vault maps discovered:
D:1:      co_arrival_square_in_a_square_in_a_square, layout_loops_ring,
          shapermc_ecumenical_altar_mp_urbaneastern
D:2:      layout_loops_cross, basic_altar, uniq_sigmund, uniq_natasha
D:3:      layout_loops_ring, makhleb_altar_promises_db, gup_sewer_entry_bowl,
          minmay_fractal_squares_diagonal_5, uniq_robin
Sewer:    sewer_minmay_treatment

Skill      XL: |  1  2  3  4 |
---------------+-------------+-----
Unarmed Combat | 1 2 4 |  4.4
Fighting       | 1 2 |  2.9
Armour         | 1 2 |  2.3
Dodging        | |  1.7
Stealth        | |  2.1
Spellcasting   | |  1.7
Summonings     | |  3.6

Action                   |  1- 3 |  4- 6 || total
-------------------------+-------+-------++-------
Melee: Unarmed           |    82 |   104 ||   186
Throw: Stone             |       |     2 ||     2
 Cast: Summon Small Mamm |     8 |       ||     8
Invok: Animate Remains   |     6 |    12 ||    18
  Use: Potion            |     3 |       ||     3
       Scroll            |       |     5 ||     5
 Stab: Sleeping          |     1 |     1 ||     2
Armor: Leather armour    |    34 |    24 ||    58
Dodge: Dodged            |    49 |    45 ||    94
Block: Buckler           |    23 |    33 ||    56
